AoeStats
← jeifel

Arena

509484941Analyzed
1v1 RM · 7d ago on Sep 26, 2026· 49m 21s· 2 players
Game mode
Random Map
Map size
Tiny (2 player)
Population
200
Speed
Normal
Resources
Standard
Victory
Conquest
Starting age
Dark Age
Ending age
Imperial Age
RankedLock teamsTeams togetherTeam positionsShared explorationLock speedFull tech treeHidden civsTurbo modeCheats
Victory
Defeat
🇨🇭 Britons · Switzerland
852
+18
🇺🇸 Burgundians · United States
887
-18
sneakingfox
12:30 Feudal Age
11:15 Loom
12:54 Horse Collar
13:03 Double-Bit Axe
17:49 Castle Age
16:46 Stone Mining
20:09 Bow Saw
24:23 Wheelbarrow
29:48 Fletching
30:15 Gold Mining
32:59 Imperial Age
30:48 Arson
31:04 Squires
30:24 Pikeman
31:05 Bodkin Arrow
31:10 Padded Archer Armor
31:53 Ballistics
31:28 Murder Holes
33:44 Leather Archer Armor
34:15 Gold Shaft Mining
34:10 Conscription
36:25 Chemistry
35:57 Ring Archer Armor
35:30 Bracer
37:57 Two-Man Saw
37:33 Ring Archer Armor
37:04 Scale Mail Armor
37:15 Forging
38:18 Halberdier
39:18 Chain Mail Armor
40:55 Warwolf
41:49 Iron Casting
42:19 Plate Mail Armor
42:55 Onager
47:25 Yeomen
48:29 Hoardings
49:52 Blast Furnace
jeifel
5:57 Loom
12:06 Feudal Age
10:50 Double-Bit Axe
14:04 Gold Mining
17:36 Castle Age
16:42 Bow Saw
16:20 Horse Collar
18:29 Cavalier
19:09 Husbandry
20:25 Two-Man Saw
20:11 Gold Shaft Mining
21:53 Forging
21:44 Scale Mail Armor
21:49 Scale Barding Armor
23:22 Stone Mining
25:39 Wheelbarrow
25:50 Wheelbarrow
30:19 Hand Cart
33:38 Imperial Age
31:58 Iron Casting
31:23 Scale Mail Armor
32:11 Chain Barding Armor
34:17 Fletching
34:27 Padded Archer Armor
35:11 Burgundian Vineyards
35:30 Conscription
35:15 Bodkin Arrow
36:21 Blast Furnace
35:56 Plate Barding Armor
35:11 Capped Ram
35:23 Paladin
39:49 Ballistics
40:29 Chemistry
39:10 Treadmill Crane
39:40 Masonry
39:25 Murder Holes
40:37 Bracer
40:53 Leather Archer Armor
40:57 Light Cavalry
46:45 Stone Shaft Mining
45:57 Hussar
Connection lost

Rejoining the realm…

Still unreachable

The connection could not be restored.

Session expired

The server has moved on; the page needs a fresh start.